 Dungeon Crawl Stone Soup version 0.23-a0-8-gb809bb7 (webtiles) character file.

401 Amnesiac the Conjurer (level 6, -1/41 HPs)
             Began as a Mummy Conjurer on Aug 2, 2018.
             Was a Follower of Sif Muna.
             Slain by a goblin
             ... wielding a +0 dagger
              (2 damage)
             ... on level 1 of the Dungeon.
             The game lasted 00:08:13 (3039 turns).

Amnesiac the Conjurer (Mummy Conjurer)              Turns: 3039, Time: 00:08:14

Health: -1/41      AC:  2    Str: 11    XL:     6   Next: 54%
Magic:  0/23       EV: 12    Int: 16    God:    Sif Muna [*.....]
Gold:   60         SH:  0    Dex: 13    Spells: 9/16 levels left

rFire    x . .     SeeInvis .   h - +2 scythe (vamp)
rCold    + . .     Gourm    .   (shield currently unavailable)
rNeg     + + +     Faith    .   a - +0 robe
rPois    ∞         Spirit   .   (no helmet)
rElec    .         Reflect  .   (no cloak)
rCorr    .         Harm     .   (no gloves)
MR       .....                  (no boots)
Stlth    ++........             (no amulet)
HPRegen  0.13/turn              g - ring of magical power
MPRegen  0.18/turn              (no ring)

@: very slightly contaminated, no casting
A: no food or potions, fire vulnerability, cold resistance 1, negative energy
resistance 3, torment resistance, unbreathing
a: Stop Divine Energy, Renounce Religion


You were on level 1 of the Dungeon.
You worshipped Sif Muna.
Sif Muna was aware of your devotion.
You were not hungry.

You visited 2 branches of the dungeon, and saw 5 of its levels.
You also visited: Ossuary.

You collected 60 gold pieces.

Inventory:

Hand Weapons
 h - a +2 vampiric scythe (weapon)
Missiles
 b - 43 sling bullets
 d - 131 stones (quivered)
Armour
 a - a +0 robe (worn)
 c - a +0 leather armour
Jewellery
 g - a ring of magical power (left hand)
Scrolls
 e - a scroll of magic mapping {!r}
 f - 2 scrolls of identify {!r}
 i - a scroll of immolation {!r, unknown}
 j - a scroll of amnesia {!r, unknown}


   Skills:
 - Level 1.5 Dodging
 - Level 1.5 Stealth
 + Level 5.5 Spellcasting
 * Level 5.6 Conjurations


You had 9 spell levels left.
You knew the following spells:

 Your Spells              Type           Power        Failure   Level  Hunger
a - Iskenderun's Mystic   Conj           ###.....     14%         4    N/A
b - Magic Dart            Conj           ###.         1%          1    N/A
d - Searing Ray           Conj           ###...       2%          2    N/A

Your spell library contained the following spells:

 Spells                   Type           Power        Failure   Level  Hunger
 Fulminant Prism          Conj/Hex       ##........   41%         4    N/A
 Dazzling Spray           Conj/Hex       ##....       14%         3    N/A
 Force Lance              Conj/Tloc      ##......     41%         4    N/A

Dungeon Overview and Level Annotations

Branches:
Dungeon (4/15)             Temple (1/1) D:4

Altars:
Elyvilon
Gozag
Hepliaklqana
Makhleb
Nemelex Xobeh
Okawaru
Qazlal
Ru
Sif Muna
Trog
Wu Jian
Xom
Yredelemnul
The Shining One


Innate Abilities, Weirdness & Mutations

You do not eat or drink.
Your flesh is vulnerable to fire.
You are immune to poison.
Your flesh is cold resistant. (rC+)
You are immune to negative energy. (rN+++)
You are immune to unholy pain and torment.
You can survive without breathing.


Message History

Sif Muna grants you divine energy.
You briefly lose access to your magic!
The ooze jiggles.
The giant cockroach closely misses you.
You slash the worm!
The worm is severely wounded.
The giant cockroach closely misses you. The ooze barely misses you.
The worm closely misses you.
The giant cockroach bites you but does no damage.
The ooze hits you. The worm barely misses you.
The giant cockroach bites you but does no damage.
You regain access to your magic.
The ooze closely misses you.
You open the door. The ooze hits you.
* * * LOW HITPOINT WARNING * * *
The ooze hits you.
* * * LOW HITPOINT WARNING * * *
The giant cockroach completely misses you.
A frilled lizard and 2 goblins come into view.
The goblin shouts!
The frilled lizard hisses angrily.
The ooze closely misses you.
There is an open door here.
Casting: Iskenderun's Mystic Blast (safe; 14% risk of failure)
Confirm with . or Enter, or press ? or * to list all spells.
Aiming: Iskenderun's Mystic Blast (safe; 14% risk of failure)
Press: ? - help, Shift-Dir - straight line, f/p - giant cockroach
Aim: a giant cockroach (clinging)
The orb of energy hits the giant cockroach.
The giant cockroach is heavily wounded.
The goblin shouts!
Sif Muna grants you divine energy.
You briefly lose access to your magic!
The ooze hits you.
* * * LOW HITPOINT WARNING * * *
The ooze hits you.
* * * LOW HITPOINT WARNING * * *
The giant cockroach bites you.
* * * LOW HITPOINT WARNING * * *
The goblin misses you.
You are unable to access your magic!
Unknown command.
The goblin hits you but does no damage.
Your magical contamination has completely faded away.
Unknown command.
You regain access to your magic.
Found 18 arrows.
Casting: Iskenderun's Mystic Blast (safe; 14% risk of failure)
Confirm with . or Enter, or press ? or * to list all spells.
Aiming: Iskenderun's Mystic Blast (safe; 14% risk of failure)
Press: ? - help, Shift-Dir - straight line, f/p - giant cockroach
Aim: a giant cockroach (heavily wounded)
You miscast Iskenderun's Mystic Blast.
You are very lightly contaminated with residual magic.
You feel a strange surge of energy! Sif Muna grants you divine energy.
You briefly lose access to your magic!
The ooze hits you.
* * * LOW HITPOINT WARNING * * *
The goblin hits you with a dagger.
* * * LOW HITPOINT WARNING * * *
Unknown command.
Unknown command.
The frilled lizard bites you.
* * * LOW HITPOINT WARNING * * *
The goblin hits you with a dagger.
You die...

#......# .......
########......# ..J†.
#.............#######†#
#.............#....†...
##.............'⌠....###
.............ww#......<.
...............#..⌠...>.
.(......ls.....###+#####
.......@gJ.........
........gJ.P.....##
.................#
...................
..................#
..................#
..................
.................
...............


You could see 2 worms, 2 oozes, a giant cockroach, 2 goblins and a frilled
lizard.

Vanquished Creatures
  Sigmund (D:4)
  A centaur skeleton (D:4)
  An iguana (D:4)
  2 worker ants
  3 mummies (Ossuary)
  3 adders
  6 oozes
  3 worms
  A dart slug (D:4)
  2 leopard geckos
  4 giant cockroaches
  3 jackals (D:1)
  2 bats
  2 frilled lizards
  A gnoll zombie (Ossuary)
  3 goblin zombies (Ossuary)
  2 hobgoblin zombies (Ossuary)
  3 kobold zombies (Ossuary)
  An orc zombie (Ossuary)
  3 rats
47 creatures vanquished.

Notes
Turn   | Place    | Note
-------+----------+-------------------------------------------
     0 | D:1      | Amnesiac the Mummy Conjurer began the quest for the Orb.
     0 | D:1      | Reached XP level 1. HP: 13/13 MP: 4/4
     1 | D:1      | Found a runed door.
    84 | D:2      | Found a stormy altar of Qazlal.
   207 | D:2      | You fall through a shaft for 2 floors!
   207 | D:4      | Found a sand-covered staircase.
   213 | Ossuary  | Entered an ossuary
   213 | Ossuary  | Noticed a wraith
   213 | Ossuary  | Noticed a wraith
   213 | Ossuary  | Noticed a wraith
  1103 | Ossuary  | Reached XP level 2. HP: 19/19 MP: 6/6
  1107 | Ossuary  | Learned a level 2 spell: Searing Ray
  1276 | Ossuary  | Reached XP level 3. HP: 24/24 MP: 7/8
  1786 | Ossuary  | Noticed a wraith
  1877 | D:4      | Found a staircase to the Ecumenical Temple.
  1882 | Temple   | Entered the Ecumenical Temple
  2116 | Temple   | Became a worshipper of Sif Muna the Loreminder
  2141 | D:4      | Reached XP level 4. HP: 26/30 MP: 7/10
  2283 | D:4      | Learned a level 4 spell: Iskenderun's Mystic Blast
  2323 | D:4      | Noticed Sigmund
  2347 | D:4      | Killed Sigmund
  2347 | D:4      | Reached skill level 5 in Spellcasting
  2347 | D:4      | Reached skill level 5 in Conjurations
  2347 | D:4      | Reached XP level 5. HP: 35/35 MP: 2/12
  2347 | D:4      | Reached XP level 6. HP: 41/41 MP: 2/13
  2566 | D:4      | Reached * piety under Sif Muna
  2611 | D:4      | Found a sparkling altar of Nemelex Xobeh.
  3039 | D:1      | HP: 1/41 [frilled lizard (3)]
  3039 | D:1      | Slain by a goblin

Vault maps used:
D:1:      dpeg_arrival_caged_fury, serial_forest, infiniplex_forest_clump_small,
          infiniplex_forest_clump_tiny, infiniplex_forest_straight_2,
          infiniplex_forest_side_room, infiniplex_forest_split,
          infiniplex_forest_straight_4, infiniplex_forest_lined_room_
D:2:      grunt_qazlal_sundering
D:3:      lemuel_round_altar, first_ration
D:4:      minmay_temple_entry_statues_fountains, enter_ossuary_3,
          lemuel_statue_altar, uniq_sigmund
Temple:   oiseaux_autumnal_temple
Ossuary:  ossuary_kennysheep_city_of_the_dead

Skill      XL: |  1  2  3  4 |
---------------+-------------+-----
Spellcasting   | 3 4 5 |  5.5
Conjurations   | 4 5 |  5.6
Dodging        | |  1.5
Stealth        | |  1.5

Action                   |  1- 3 |  4- 6 || total
-------------------------+-------+-------++-------
Melee: Unarmed           |     4 |       ||     4
       Scythe            |       |    19 ||    19
 Cast: Magic Dart        |    28 |       ||    28
       Searing Ray       |     9 |     9 ||    18
       Iskenderun's Myst |       |    29 ||    29
Invok: Divine Energy     |       |     1 ||     1
  Use: Scroll            |     4 |       ||     4
Armor: Robe              |     7 |     5 ||    12
Dodge: Dodged            |    14 |    50 ||    64

Table legend:
 A = Spawn XP
 B = Non-spawn XP
 C = Spawn XP percentage of total XP
 D = Spawn monster count
 E = Non-spawn monster count
 F = Spawn count percentage of total count
 G = Total turns spent on level
                    A         B        C        D         E        F      G
               +---------+---------+-------+---------+---------+-------+---------
         Total |       0 |     574 |   0.0 |       0 |      47 |   0.0 |  3039
               +---------+---------+-------+---------+---------+-------+---------
           D:1 |       0 |      52 |   0.0 |       0 |      13 |   0.0 |   142
           D:2 |       0 |       2 |   0.0 |       0 |       2 |   0.0 |   213
           D:3 |       0 |      72 |   0.0 |       0 |       7 |   0.0 |   259
           D:4 |       0 |     384 |   0.0 |       0 |      12 |   0.0 |   511
       Ossuary |       0 |      64 |   0.0 |       0 |      13 |   0.0 |  1663
               +---------+---------+-------+---------+---------+-------+---------
